 Dungeon Crawl Stone Soup version 0.28-a0-1382-g92835e5c71 (webtiles) character file.

Game seed: 1442965707158008928

2914 ytrimaz the Insei (level 9, 0/73 HPs)
             Began as an Octopode Transmuter on Jan 1, 2022.
             Slain by a white imp (3 damage)
             ... on level 7 of the Dungeon.
             The game lasted 00:10:44 (7819 turns).

ytrimaz the Insei (Octopode Transmuter)             Turns: 7819, Time: 00:10:44

Health: 0/73       AC:  7    Str:  9    XL:     9   Next: 78%
Magic:  14/19      EV: 14    Int: 20    God:
Gold:   185        SH:  0    Dex: 18    Spells: 4/21 levels left

rFire   x . .      SeeInvis .     - Unarmed
rCold   + + +      Faith    .   (shield currently unavailable)
rNeg    . . .      Spirit   .   (helmet currently unavailable)
rPois   +          Reflect  .   (no amulet)
rElec   .          Harm     .   m - +6 ring of dexterity
rCorr   .          Rampage  .   f - +4 ring of evasion
Will    .....                   (no ring)
Stlth   ++........              (no ring)
HPRegen 0.22/turn               (no ring)
MPRegen 0.16/turn               (no ring)
                                (no ring)
                                (no ring)

@: brilliant, ice-form, wereblooded
A: freezing attack, boosted hp, almost no armour, amphibious, 8 rings, large,
(camouflage 1), (gelatinous body 1), (nimble swimmer 1), (tentacles)
a: End Transformation


You were on level 7 of the Dungeon.
You were a creature of crystalline ice.
You visited 1 branch of the dungeon, and saw 7 of its levels.

You collected 289 gold pieces.
You spent 104 gold pieces at shops.

Inventory:

Jewellery
 f - a +4 ring of evasion (right front paw)
 l - a ring of resist corrosion
 m - a +6 ring of dexterity (left front paw)
Wands
 j - a wand of polymorph (5)
Scrolls
 d - a scroll of noise
 g - a scroll of magic mapping
Potions
 b - 5 potions of curing
 c - 2 potions of flight
 h - a potion of berserk rage
 i - a potion of cancellation {unknown}
 k - a potion of mutation


   Skills:
 * Level 5.0 Fighting
 - Level 2.0 Dodging
 + Level 7.5 Unarmed Combat
 * Level 6.7 Spellcasting
 * Level 6.6 Transmutations
 - Level 4.0 Poison Magic


You had 4 spell levels left.
You knew the following spells:

 Your Spells              Type           Power      Damage    Failure   Level
a - Irradiate             Conj/Tmut      14%        3d18      56%         5
b - Wereblood             Tmut           49%        N/A       1%          2
c - Spider Form           Tmut/Pois      41%        N/A       3%          3
d - Ice Form              Ice/Tmut       29%        N/A       26%         4
e - Ozocubu's Armour      Ice            10%        N/A       28%         3

Your spell library contained the following spells:

 Spells                   Type           Power      Damage    Failure   Level
 Beastly Appendage        Tmut           98%        N/A       1%          1
 Ignite Poison            Fire/Tmut/Pois 31%        N/A       7%          3
 Sublimation of Blood     Necr           10%        N/A       14%         2
 Petrify                  Tmut/Erth      29%        N/A       26%         4
 Conjure Flame            Conj/Fire      10%        6-21      28%         3
 Sticky Flame             Conj/Fire      10%        2d3       67%         4
 Eringya's Noxious Bog    Tmut/Pois      20%        N/A       86%         6
 Metabolic Englaciation   Hex/Ice        5%         N/A       95%         5
 Summon Forest            Summ/Tloc      5%         N/A       95%         5
 Simulacrum               Ice/Necr       5%         N/A       100%        6
 Summon Hydra             Summ           5%         N/A       100%        7


Dungeon Overview and Level Annotations

Branches:
Dungeon (7/15)
 Temple: D:4-7

Altars:
Hepliaklqana

Shops:
D:4 *   D:6 !


Innate Abilities, Weirdness & Mutations

You are a creature of crystalline ice.
You have a powerful freezing melee attack.
Your maximum health is increased.
Your armour is entirely melded.
You are incapable of wielding weapons or throwing items.
You cannot wear most types of armour.
You are amphibious.
You can wear up to eight rings at the same time.
((Your skin changes colour to match your surroundings (Stealth+).))
((Your rubbery body absorbs attacks. (AC +1, EV +1)))
((You are camouflaged when in or above water. (Stealth+)))
((You have tentacles for arms and can constrict up to eight enemies at once.))


Message History

The vampire bites you.
The vampire draws strength from your injuries!
The orc hits you with a +0 mace.
* * * LOW HITPOINT WARNING * * *
The orc barely misses you. The hound barely misses you.
A shadow imp comes into view.
You hear some strange, mumbled words.
A puff of flame appears from out of thin air!
The puff of flame hits you! The fire burns you terribly!
* * * LOW HITPOINT WARNING * * *
The crimson imp blinks!
The orc hits you with a +0 hand axe.
* * * LOW HITPOINT WARNING * * *
Your Fighting skill increases to level 5!
You punch something! You freeze something.
You feel a bit better.
Reactivating autopickup.
You feel a bit more experienced.
A yak comes into view.
The white imp misses you. The vampire closely misses you.
The vampire bites you.
* * * LOW HITPOINT WARNING * * *
The vampire draws strength from your injuries!
The orc complains loudly, as Orcs often do.
The orc hits you with a +0 mace.
* * * LOW HITPOINT WARNING * * *
The hound closely misses you. The jelly barely misses you.
You howl as the wereblood boils in your veins!
The sentinel's mark upon you fades away.
The hound closely misses you.
The crimson imp blinks!
The howler monkey hoots and howls with incredible vigour!
The white imp hits you but does no damage.
The orc hits you but does no damage. The hound bites you.
* * * LOW HITPOINT WARNING * * *
The orc hits you but does no damage.
Things that are here:
a +0 dagger; a +0 robe Unknown command.
It was a potion of brilliance.
You feel clever all of a sudden.
The crimson imp blinks!
The white imp hits you.
You die...

#.......................
.##.##########........'
....# #........# .####
#.....YY.# .# #....Y...#
.# #.....§..# .#
#..J.Y...# .# #..5oV...#
.# #5.YoJ...# ##ooho...#
##§......# #........#
#......h.# #.......5#
#........# #.........#
#.........#


You could see 4 yaks, a vampire, a howler monkey (catching breath), a hound, 2
jellies, a crimson imp, a white imp, a shadow imp and 5 orcs.

Vanquished Creatures
  Pikel (D:5)
  An unseen horror (D:6)
  Grinder (D:3)
  Sigmund (D:3)
  Menkaure (D:5)
  Edmund (D:5)
  Duvessa (D:6)
  2 ice beasts (D:6)
  A necrophage (D:6)
  2 sky beasts
  2 ogres
  A kobold brigand (D:6)
  2 bullfrogs
  A scorpion (D:4)
  A wyvern skeleton (D:6)
  Dowan (D:6)
  3 hounds
  An orc priest (D:6)
  A bullfrog skeleton (D:4)
  Terence (D:3)
  Natasha (thrice) (D:3)
  5 orc wizards
  A killer bee zombie (D:5)
  6 adders
  A white imp (D:6)
  An adder skeleton (D:4)
  An adder zombie (D:5)
  17 orcs
  4 ball pythons
  A bat (D:3)
  4 endoplasms
  A giant cockroach (D:2)
  5 hobgoblins
  4 jackals (D:1)
  4 kobolds
  4 quokkas
  2 frilled lizards
  3 rats (D:1)
93 creatures vanquished.

Notes
Turn   | Place    | Note
-------+----------+-------------------------------------------
     0 | D:1      | ytrimaz the Octopode Transmuter began the quest for the
                  | Orb.
     0 | D:1      | Reached XP level 1. HP: 13/13 MP: 3/3
   255 | D:1      | Reached XP level 2. HP: 12/18 MP: 3/5
   260 | D:1      | Learned a level 2 spell: Wereblood
   980 | D:2      | Found a faded altar of an unknown god.
   994 | D:2      | Reached XP level 3. HP: 23/23 MP: 4/6
   998 | D:2      | Learned a level 3 spell: Spider Form
  1374 | D:3      | Noticed Sigmund
  1386 | D:3      | Killed Sigmund
  1387 | D:3      | Reached skill level 4 in Unarmed Combat
  1387 | D:3      | Reached XP level 4. HP: 29/29 MP: 4/8
  1387 | D:3      | Reached XP level 5. HP: 34/34 MP: 4/9
  1392 | D:3      | Learned a level 4 spell: Ice Form
  1903 | D:3      | Noticed Terence
  1931 | D:3      | Killed Terence
  1932 | D:3      | Reached XP level 6. HP: 18/39 MP: 5/11
  2108 | D:3      | Noticed Natasha
  2120 | D:3      | Killed Natasha
  2215 | D:3      | Noticed Grinder
  2241 | D:3      | Paralysed by Grinder for 3 turns
  2268 | D:3      | Killed Grinder
  2269 | D:3      | Reached skill level 1 in Poison Magic
  2269 | D:3      | Reached XP level 7. HP: 17/45 MP: 2/13
  2838 | D:3      | Noticed Natasha
  2848 | D:3      | Killed Natasha
  2880 | D:3      | Noticed Natasha
  2893 | D:3      | Killed Natasha
  3307 | D:4      | Found Nixusef's General Store.
  3320 | D:4      | Bought a potion of mutation for 104 gold pieces
  4006 | D:4      | Reached skill level 5 in Unarmed Combat
  4390 | D:5      | Entered Level 5 of the Dungeon
  4694 | D:5      | Noticed Pikel
  4725 | D:5      | Killed Pikel
  4726 | D:5      | Reached skill level 5 in Spellcasting
  4726 | D:5      | Reached skill level 5 in Transmutations
  4726 | D:5      | Reached XP level 8. HP: 19/54 MP: 11/15
  5131 | D:5      | Learned a level 5 spell: Irradiate
  5270 | D:5      | Noticed Edmund
  5300 | D:5      | Killed Edmund
  5301 | D:5      | Reached skill level 6 in Unarmed Combat
  5553 | D:5      | Noticed Menkaure
  5563 | D:5      | Killed Menkaure
  5968 | D:6      | Reached XP level 9. HP: 32/58 MP: 9/17
  5973 | D:6      | Learned a level 3 spell: Ozocubu's Armour
  6273 | D:6      | Killed an unseen horror
  6561 | D:6      | Found a hazy altar of Hepliaklqana.
  6615 | D:6      | Reached skill level 7 in Unarmed Combat
  6670 | D:6      | Found Oshaneijua's Distillery.
  7005 | D:6      | Noticed Duvessa
  7007 | D:6      | Noticed Dowan
  7030 | D:6      | Killed Duvessa
  7033 | D:6      | Killed Dowan
  7817 | D:7      | Reached skill level 5 in Fighting
  7818 | D:7      | HP: 2/73 [hound (4)]
  7819 | D:7      | Slain by a white imp

Illustrated notes

Levels and vault maps discovered:
D:1:      minmay_arrival_four_loops, layout_loops_cross
D:2:      layout_basic, basic_ecumenical_altar
D:3:      layout_loops_cross, uniq_terence, uniq_natasha, uniq_sigmund,
          uniq_grinder
D:4:      layout_basic, serial_shops, nicolae_diamond_shop, minivault_23,
          nrook_loot_triangle
D:5:      layout_loops_ring, minmay_crystal_room, uniq_edmund, uniq_pikel,
          uniq_menkaure
D:6:      layout_gridville, mainiacjoe_overflow_24_doors, serial_shops,
          nicolae_take_the_stairs, uniq_duvessa
D:7:      layout_gridville, minmay_temple_entry_butterflies,
          minmay_fire_ice_demons

Skill      XL: |  1  2  3  4  5  6  7  8  9 |
---------------+----------------------------+-----
Fighting       | 2 3 4 5 |  5.0
Unarmed Combat | 4 5 6 7 |  7.5
Spellcasting   | 3 4 5 6 |  6.7
Transmutations | 3 5 6 |  6.6
Poison Magic   | 1 3 4 |  4.0
Dodging        | |  2.0

Action                   |  1- 3 |  4- 6 |  7- 9 || total
-------------------------+-------+-------+-------++-------
Melee: Unarmed           |    51 |    59 |   219 ||   329
       Constrict         |    14 |     5 |     2 ||    21
       Tentacles         |     9 |     1 |     1 ||    11
       Kick              |    10 |    11 |       ||    21
       Punch             |     2 |     3 |       ||     5
 Cast: Beastly Appendage |    10 |     9 |       ||    19
       Spider Form       |     1 |     4 |    30 ||    35
       Ice Form          |       |       |    13 ||    13
       Wereblood         |       |       |     2 ||     2
  Use: Scroll            |     3 |     1 |     7 ||    11
       Potion            |       |     1 |     2 ||     3
 Stab: Sleeping          |     3 |       |     3 ||     6
Armor: Skin              |     3 |     4 |    30 ||    37
Dodge: Dodged            |    40 |    41 |   150 ||   231

Table legend: (Time is in decaauts)
 A = Elapsed time spent in this place.
 B = Non-inter-level travel time spent in this place.
 C = Inter-level travel time spent in this place.
 D = Time resting spent in this place.
 E = Time spent auto-exploring this place.
 F = Levels seen in this place.
 G = Mean time per level.
                   A        B        C        D        E       F      G
               +--------+--------+--------+--------+--------+-----+--------+
         Total |   7791 |   7636 |    155 |   1901 |   4609 |   7 | 1113.0 |
       Dungeon |   7791 |   7636 |    155 |   1901 |   4609 |   7 | 1113.0 |
               +--------+--------+--------+--------+--------+-----+--------+

Top non-repeatable levels by time:
     D:6: 1763 daAuts
     D:3: 1742 daAuts
     D:5: 1555 daAuts
     D:4: 1290 daAuts
     D:1: 756 daAuts
     D:2: 593 daAuts
     D:7: 89 daAuts
